 Dungeon Crawl Stone Soup version 0.29-a0-284-gf9362112df (webtiles) character file.

Game seed: 17944352574831449635

317 jmlagarto the Covert (level 6, 0/44 HPs)
             Began as a Vampire Brigand on Mar 14, 2022.
             Was a Believer of Okawaru.
             Slain by an ufetubus (2 damage)
             ... on level 5 of the Dungeon.
             The game lasted 00:05:36 (3286 turns).

jmlagarto the Covert (Vampire Brigand)              Turns: 3286, Time: 00:05:37

Health: 0/44       AC:  3    Str: 10    XL:     6   Next: 20%
Magic:  6/6        EV: 12    Int: 13    God:    Okawaru [**....]
Gold:   211        SH:  0    Dex: 18    Spells: 5/5 levels left

rFire   . . .      SeeInvis +   l - +2 rapier (venom)
rCold   . . .      Faith    .   (no shield)
rNeg    . . .      Spirit   .   b - +0 robe
rPois   .          Reflect  .   (no helmet)
rElec   .          Harm     .   c - +0 cloak
rCorr   .          Rampage  .   (no gloves)
Will    .....                   (no boots)
Stlth   +++++.....              (no amulet)
HPRegen 0.34/turn               (no ring)
MPRegen 0.10/turn               (no ring)

@: healing quickly
A: alive, fangs 3, see invisible, vampiric 2
a: Exsanguinate, Renounce Religion, Heroism


You were on level 5 of the Dungeon.
You worshipped Okawaru.
Okawaru was pleased with you.
You visited 1 branch of the dungeon, and saw 5 of its levels.

You collected 211 gold pieces.

Inventory:

Hand Weapons
 a - a +2 dagger
 l - a +2 rapier of venom (weapon)
Missiles
 d - 11 poisoned darts (quivered)
 e - 3 curare-tipped darts
 h - 3 throwing nets
Armour
 b - a +0 robe (worn)
 c - a +0 cloak (worn)
Scrolls
 f - a scroll of teleportation {unknown}
 i - a scroll of fear {unknown}
 k - 7 scrolls of identify {unknown}
 o - a scroll of fog {unknown}
 s - a scroll of enchant weapon {unknown}
 t - a scroll of enchant armour {unknown}
 u - a scroll of summoning {unknown}
Potions
 g - a potion of resistance {unknown}
 j - a potion of curing {unknown}
 m - a potion of berserk rage {unknown}
 n - a potion of invisibility {unknown}
 p - a potion of haste {unknown}
 q - a potion of might {unknown}
 r - a potion of cancellation {unknown}


   Skills:
 + Level 2.2 Fighting
 + Level 3.8 Short Blades
 + Level 1.5 Throwing
 + Level 2.1 Dodging
 * Level 9.9 Stealth


You had 5 spell levels left.
You didn't know any spells.
Your spell library contained the following spells:

 Spells                   Type           Power      Damage    Failure   Level
 Magic Dart               Conj           0%         1d3       30%         1
 Mephitic Cloud           Conj/Pois/Air  0%         N/A       67%         3
 Call Imp                 Summ           Unusable   N/A       N/A         2

Dungeon Overview and Level Annotations

Branches:
Dungeon (5/15)
 Temple: D:4-7

Altars:
Okawaru


Innate Abilities, Weirdness & Mutations

Your natural rate of healing is accelerated.
You have razor-sharp teeth.
You have supernaturally acute eyesight. (SInv)
You are afflicted with vampirism and can become a bat while bloodless.


Message History

The hound bites you but does no damage. The ufetubus barely misses you.
The ufetubus misses you. The ufetubus attacks as you move away!
The ufetubus hits you. x2
The hound bites you. The ufetubus closely misses you.
The ufetubus barely misses you. The hound attacks as you move away!
The hound bites you. The hound bites you. The ufetubus closely misses you.
The ufetubus hits you but does no damage.
The ufetubus attacks as you move away! The ufetubus hits you.
The ufetubus closely misses you. The hound attacks as you move away!
The hound bites you. x2
The ufetubus hits you. x2
The ufetubus attacks as you move away! The ufetubus misses you.
The ufetubus barely misses you.
There is a stone staircase leading down here.
The hound bites you but does no damage. The ufetubus hits you.
* * * LOW HITPOINT WARNING * * *
The ufetubus hits you.
* * * LOW HITPOINT WARNING * * *
The ufetubus attacks as you move away! The ufetubus hits you.
* * * LOW HITPOINT WARNING * * *
The ufetubus barely misses you. The hound attacks as you move away!
The hound closely misses you. The hound misses you. The ufetubus hits you.
* * * LOW HITPOINT WARNING * * *
The ufetubus closely misses you. The hound attacks as you move away!
The hound bites you.
* * * LOW HITPOINT WARNING * * *
The ufetubus attacks as you move away!
The ufetubus hits you but does no damage.
The ufetubus barely misses you. The hound attacks as you move away!
The hound completely misses you. The hound closely misses you.
The ufetubus barely misses you. x2
The hound attacks as you move away! The hound barely misses you.
The hound barely misses you. The ufetubus misses you.
The ufetubus barely misses you.
There is a stone staircase leading up here.
The hound bites you.
* * * LOW HITPOINT WARNING * * *
The ufetubus hits you.
You die...

.<.........................
.....##.....>...........>..
.....#.....................
...........................
....#.#...#................
....####.##................
##...# #.##....ooo.........
.....# #..##...5h..........
.....###..##....@..........
.###..#....#.##.....#..#.#.
.##........#.##.....#..#.#
....#......#.##........#..
#...#........#......#.....#
##..##.......#............#
....#....###.#............#
#######.###..#............#
##≈#.................


You could see an orc warrior, a hound, an orc wizard (invisible), an orc and an
ufetubus.

Vanquished Creatures
  2 scorpions
  An iguana (D:4)
  3 gnolls (D:3)
  3 adders
  A shadow imp (D:5)
  An ufetubus (D:4)
  3 worms
  3 dart slugs
  An orc (D:5)
  10 ball pythons
  7 endoplasms
  2 giant cockroaches
  5 goblins
  8 hobgoblins
  13 jackals
  5 quokkas
  5 bats
  4 frilled lizards
  5 kobolds
  5 rats
87 creatures vanquished.

Notes
Turn   | Place    | Note
-------+----------+-------------------------------------------
     0 | D:1      | jmlagarto the Vampire Brigand began the quest for the Orb.
     0 | D:1      | Reached XP level 1. HP: 16/16 MP: 1/1
    40 | D:1      | Reached skill level 6 in Stealth
   105 | D:1      | Reached XP level 2. HP: 14/22 MP: 2/2
   268 | D:1      | Reached skill level 7 in Stealth
   508 | D:1      | Found a faded altar of an unknown god.
   511 | D:1      | Prayed at the altar of an unknown god.
   511 | D:1      | Became a worshipper of Warmaster Okawaru
   511 | D:1      | Reached * piety under Okawaru
   889 | D:2      | Gained mutation: You are afflicted with vampirism and can
                  | become a bat while bloodless. [Vampire growth]
   889 | D:2      | Reached XP level 3. HP: 27/27 MP: 3/3
   936 | D:2      | You fall into a shaft and drop 2 floors!
  1043 | D:3      | HP: 1/27 [poisoned by an adder]
  1248 | D:3      | Reached XP level 4. HP: 33/33 MP: 4/4
  1568 | D:2      | Reached skill level 8 in Stealth
  2204 | D:4      | Reached XP level 5. HP: 38/38 MP: 5/5
  2315 | D:4      | Identified the +1 ring mail of Onlosh {MP+9 Int+2}
  2661 | D:4      | Reached ** piety under Okawaru
  2662 | D:4      | Reached skill level 9 in Stealth
  3043 | D:5      | Entered Level 5 of the Dungeon
  3119 | D:5      | Reached XP level 6. HP: 18/44 MP: 6/6
  3259 | D:5      | Noticed an orc warrior
  3282 | D:5      | HP: 2/44 [hound (4)]
  3286 | D:5      | Slain by an ufetubus

Illustrated notes

Levels and vault maps discovered:
D:1:      lemuel_arrival_lava_pool, layout_basic,
          shapermc_ecumenical_altar_mp_urbaneastern
D:2:      layout_basic, guppyfry_early_lair_pool
D:3:      layout_basic, minmay_stone_trees_small
D:4:      layout_loops_corners
D:5:      layout_cave_pools, gup_sewer_entry_spiral, uniq_crazy_yiuf_cottage

Skill      XL: |  1  2  3  4  5 |
---------------+----------------+-----
Stealth        | 6 7 8 9 |  9.9
Fighting       | 2 |  2.2
Short Blades   | 3 |  3.8
Dodging        | 2 |  2.1
Throwing       | |  1.5

Action                   |  1- 3 |  4- 6 || total
-------------------------+-------+-------++-------
Melee: Dagger            |   104 |       ||   104
       Bite              |    13 |     5 ||    18
       Rapier            |     2 |    85 ||    87
       Punch             |     2 |     1 ||     3
Invok: Heroism           |     1 |       ||     1
 Stab: Sleeping          |     6 |    20 ||    26
       Distracted        |     1 |     1 ||     2
Armor: Robe              |    31 |    16 ||    47
Dodge: Dodged            |    73 |    72 ||   145

Table legend: (Time is in decaauts)
 A = Elapsed time spent in this place.
 B = Non-inter-level travel time spent in this place.
 C = Inter-level travel time spent in this place.
 D = Time resting spent in this place.
 E = Time spent auto-exploring this place.
 F = Levels seen in this place.
 G = Mean time per level.
                   A        B        C        D        E       F      G
               +--------+--------+--------+--------+--------+-----+--------+
         Total |   3279 |   3185 |     94 |      0 |   2473 |   5 |  655.8 |
       Dungeon |   3279 |   3185 |     94 |      0 |   2473 |   5 |  655.8 |
               +--------+--------+--------+--------+--------+-----+--------+

Top non-repeatable levels by time:
     D:1: 872 daAuts
     D:4: 867 daAuts
     D:3: 702 daAuts
     D:2: 594 daAuts
     D:5: 241 daAuts
